 Dungeon Crawl Stone Soup version 0.25-a0-42-g6c54e25894 (webtiles) character file.

Game seed: 17466788386240046059, levelgen mode: deterministic

4853 Mort the Nimble (level 10, -2/59 HPs)
             Began as a Deep Elf Conjurer on Oct 22, 2019.
             Was a Believer of Kikubaaqudgha.
             Killed by an exploding fulminant prism (22 damage)
             ... created by the player character
             ... on level 7 of the Dungeon.
             The game lasted 00:36:30 (10521 turns).

Mort the Nimble (Deep Elf Conjurer)                Turns: 10521, Time: 00:36:30

Health: -2/59      AC:  8    Str:  8    XL:     10   Next: 25%
Magic:  12/21      EV: 19    Int: 24    God:    Kikubaaqudgha [**....]
Gold:   265        SH:  0    Dex: 15    Spells: 10/21 levels left

rFire    . . .     SeeInvis .   D - +2 whip (flame)
rCold    . . .     Gourm    .   (no shield)
rNeg     . . .     Faith    .   M - +2 leather armour of Imperfection {Str+3}
rPois    .         Spirit   .   m - +1 helmet
rElec    .         Reflect  .   o - +0 cloak
rCorr    .         Harm     .   (no gloves)
MR       ++...                  (no boots)
Stlth    ++........             (no amulet)
HPRegen  0.19/turn              (no ring)
MPRegen  0.17/turn              x - ring of protection from magic

@: no status effects
A: no striking features
a: Receive Corpses, Renounce Religion


You were on level 7 of the Dungeon.
You worshipped Kikubaaqudgha.
Kikubaaqudgha was pleased with you.
You were hungry.

You visited 2 branches of the dungeon, and saw 9 of its levels.

You collected 291 gold pieces.
You spent 26 gold pieces at shops.

Inventory:

Hand Weapons
 s - the +6 quarterstaff "Zanik" {crush, Dex+3, unknown}
   (You found it on level 7 of the Dungeon)

   It inflicts extra damage upon your enemies.
   It affects your dexterity (+3).
 D - a +2 whip of flaming (weapon)
Missiles
 b - 12 poisoned darts (quivered)
 h - 233 stones
 l - 104 arrows
Armour
 a - a +0 robe
 m - a +1 helmet (worn)
 o - a +0 cloak (worn)
 M - the +2 leather armour of Imperfection (worn) {Str+3}
   (You found it on level 7 of the Dungeon)

   It affects your strength (+3).
Jewellery
 i - an uncursed ring of protection from cold
 q - a +4 ring of dexterity
 w - an uncursed ring of protection from cold
 x - a ring of protection from magic (right hand)
Wands
 E - a wand of paralysis (9)
 J - a wand of enslavement (7)
 K - a wand of acid (8)
Scrolls
 f - 3 scrolls of teleportation
 g - a scroll of noise {unknown}
 k - a scroll of random uselessness {unknown}
 n - a scroll of blinking
 t - a scroll of immolation
 u - 2 scrolls of enchant weapon
 v - a scroll of magic mapping
 y - a scroll of enchant armour
 C - 2 scrolls of remove curse
 G - a scroll of torment {unknown}
 L - a scroll of fog {unknown}
Potions
 e - 2 potions of cancellation {unknown}
 j - a potion of resistance {unknown}
 p - 4 potions of mutation
 r - a potion of brilliance {unknown}
 z - 3 potions of curing {unknown}
 A - 2 potions of flight
 B - 2 potions of haste {unknown}
 F - a potion of degeneration {unknown}
 H - 3 potions of heal wounds {unknown}
 I - a potion of lignification {unknown}
Comestibles
 c - 12 rations
 d - 4 chunks of flesh


   Skills:
 - Level 5.0 Fighting
 - Level 12.0 Dodging
 - Level 2.4 Stealth
 - Level 6.0 Spellcasting
 + Level 8.5 Conjurations
 - Level 6.0 Hexes
 - Level 2.5 Necromancy


You had 10 spell levels left.
You knew the following spells:

 Your Spells              Type           Power        Failure   Level  Hunger
a - Magic Dart            Conj           ####         1%          1    None
b - Searing Ray           Conj           #####.       1%          2    None
c - Iskenderun's Mystic   Conj           #####...     3%          4    ###....
d - Fulminant Prism       Conj/Hex       #####.....   6%          4    ###....

Your spell library contained the following spells:

 Spells                   Type           Power        Failure   Level  Hunger
 Sting                    Conj/Pois      ####         1%          1    None
 Dazzling Spray           Conj/Hex       #####.       1%          3    #......
 Animate Skeleton         Necr           N/A          4%          1    None
 Pain                     Necr           ###.         4%          1    None
 Sublimation of Blood     Necr           ###.......   6%          2    None
 Mephitic Cloud           Conj/Pois/Air  ###.....     11%         3    #......
 Poisonous Vapours        Pois/Air       #.....       17%         2    None
 Regeneration             Chrm/Necr      ##........   21%         3    #......
 Force Lance              Conj/Tloc      ####....     21%         4    ###....
 Venom Bolt               Conj/Pois      ####......   50%         5    #####..
 Olgreb's Toxic Radiance  Pois           #.......     75%         4    ###....


Dungeon Overview and Level Annotations

Branches:
Dungeon (8/15)             Temple (1/1) D:6
   Lair: D:8-11

Altars:
Cheibriados
Dithmenos
Gozag
Hepliaklqana
Kikubaaqudgha
Makhleb
Ru
Sif Muna
Uskayaw
Vehumet
Xom
Zin

Shops:
D:4 *   D:7 ?

Annotations:
D:8 Psyche


Message History

The tengu warrior hits you with a +0 battleaxe!
The tengu warrior pecks you. The tengu warrior claws you.
The tengu warrior completely misses you.
The tengu warrior pecks you but does no damage.
The tengu warrior claws you but does no damage.
Casting: Fulminant Prism (safe; 6% risk of failure)
Confirm with . or Enter, or press ? or * to list all spells.
Aiming: Fulminant Prism (safe; 6% risk of failure)
Press: ? - help, Dir - move target cursor You conjure a prism of explosive energy!
You are feeling hungry.
The tengu warrior hits you with a +0 battleaxe!!
The tengu warrior barely misses you. The tengu warrior claws you.
Your fulminant prism crackles loudly.
Your fulminant prism explodes!
The blast of energy engulfs the tengu warrior.
The tengu warrior is lightly wounded.
The blast of energy engulfs you!!
You die...
Kikubaaqudgha rasps: "You have failed me!
Welcome... death!"

#.............# #..
#.............# #..
#.............# #..
#.............# ##..
########............#
#...
....................#
######.##
.......###..........#
#......## ########
##.........# #........
# ##...Q@..##
#........ #
##.......#####........
##...###............#
##### ##..###......#
##.## #.......
########..# #....### #
#####......#..# ##..##
# ### ##..........#..#
#.## ..##
#...........#.## ###


You could see a tengu warrior.

Vanquished Creatures
  Pikel (D:4)
  Grinder (D:4)
  Prince Ribbit (D:5)
  Sigmund (D:2)
  5 yaks (D:8)
  Eustachio (D:6)
  4 ogres
  2 ice beasts (D:5)
  4 slaves
  3 orc warriors
  3 centaurs
  Blork the orc (D:4)
  6 bullfrogs
  4 scorpions
  A wight (D:6)
  A hound (D:5)
  6 crimson imps
  A bullfrog skeleton (D:5)
  A centaur skeleton (D:4)
  A gnoll shaman (D:5)
  3 orc priests
  10 orc wizards
  Natasha (thrice) (D:2)
  An iguana (D:8)
  4 worker ants
  A hound skeleton (D:5)
  A hound zombie (D:6)
  Robin (D:2)
  A howler monkey zombie (D:6)
  8 gnolls
  8 adders
  An ooze (D:1)
  2 adder skeletons (D:4)
  3 worms
  2 dart slugs
  3 leopard geckos
  21 orcs
  3 ball pythons
  10 giant cockroaches
  19 goblins
  6 hobgoblins
  8 jackals
  3 quokkas
  10 bats
  8 frilled lizards
  A jackal zombie (D:7)
  9 kobolds
  A leopard gecko skeleton (D:5)
  A quokka zombie (D:7)
  10 rats
210 creatures vanquished.

Vanquished Creatures (others)
  42 fulminant prisms
  A fungus (D:8)
43 creatures vanquished.

Grand Total: 253 creatures vanquished

Notes
Turn   | Place    | Note
-------+----------+-------------------------------------------
     0 | D:1      | Mort the Deep Elf Conjurer began the quest for the Orb.
     0 | D:1      | Reached XP level 1. HP: 10/10 MP: 6/6
   168 | D:1      | Reached XP level 2. HP: 16/16 MP: 2/8
   172 | D:1      | Learned a level 2 spell: Searing Ray
   267 | D:1      | Reached skill level 3 in Dodging
   395 | D:1      | Reached skill level 1 in Fighting
   550 | D:1      | Reached XP level 3. HP: 20/20 MP: 7/9
   790 | D:2      | Noticed Sigmund
   946 | D:2      | Killed Sigmund
   946 | D:2      | Reached skill level 4 in Dodging
   946 | D:2      | Reached skill level 5 in Conjurations
   946 | D:2      | Reached XP level 4. HP: 26/26 MP: 1/10
   946 | D:2      | Reached XP level 5. HP: 30/30 MP: 1/11
  1061 | D:2      | Learned a level 4 spell: Iskenderun's Mystic Blast
  1298 | D:2      | Noticed Robin
  1305 | D:2      | Killed Robin
  1463 | D:2      | Found an ancient bone altar of Kikubaaqudgha.
  1523 | D:2      | Found a shimmering altar of Xom.
  1524 | D:2      | Found a hazy altar of Hepliaklqana.
  1524 | D:2      | Noticed an insubstantial wisp
  1525 | D:2      | Noticed an insubstantial wisp
  1525 | D:2      | Noticed a spectral ugly thing
  1776 | D:2      | Noticed Natasha
  1784 | D:2      | Killed Natasha
  1784 | D:2      | Reached XP level 6. HP: 29/36 MP: 8/12
  1804 | D:2      | Noticed Natasha
  1814 | D:2      | Killed Natasha
  1909 | D:2      | Reached skill level 5 in Dodging
  2153 | D:2      | Noticed Natasha
  2158 | D:2      | Killed Natasha
  2561 | D:3      | Learned a level 4 spell: Fulminant Prism
  3310 | D:4      | Reached skill level 1 in Hexes
  3397 | D:4      | Reached XP level 7. HP: 41/41 MP: 3/15
  3439 | D:4      | Noticed Grinder
  3457 | D:4      | Paralysed by Grinder for 7 turns
  3805 | D:4      | Found Gofieskyps's General Store.
  4181 | D:4      | Noticed Blork the orc
  4278 | D:4      | Killed Blork the orc
  4624 | D:4      | Found a shimmering blue altar of Sif Muna.
  4634 | D:4      | Noticed Pikel
  4923 | D:4      | Killed Grinder
  4923 | D:4      | Reached skill level 6 in Dodging
  5045 | D:4      | Killed Pikel
  5045 | D:4      | Reached skill level 7 in Dodging
  5045 | D:4      | Reached XP level 8. HP: 19/48 MP: 0/19
  5320 | D:4      | Found a burning altar of Makhleb.
  5321 | D:4      | Found a radiant altar of Vehumet.
  5456 | D:2      | Became a worshipper of Kikubaaqudgha
  5526 | D:5      | Entered Level 5 of the Dungeon
  5533 | D:5      | Reached skill level 5 in Hexes
  6352 | D:5      | Reached skill level 5 in Fighting
  6352 | D:5      | Reached skill level 8 in Dodging
  6431 | D:5      | Reached skill level 1 in Necromancy
  6497 | D:5      | Noticed Prince Ribbit
  6507 | D:5      | Killed Prince Ribbit
  6507 | D:5      | Reached XP level 9. HP: 54/54 MP: 5/20
  6738 | D:5      | Reached skill level 9 in Dodging
  6800 | D:5      | Reached * piety under Kikubaaqudgha
  6800 | D:5      | Identified Kikubaaqudgha's Guide on Sinister Rituals
                  | (Kikubaaqudgha gifted it to you on level 5 of the Dungeon)
  6800 | D:5      | Received a gift from Kikubaaqudgha
  7043 | D:6      | Found a staircase to the Ecumenical Temple.
  7045 | D:6      | Found a glowing silver altar of Zin.
  7474 | D:6      | Found a sacrificial altar of Ru.
  7536 | D:6      | Noticed Eustachio
  7541 | D:6      | Reached skill level 10 in Dodging
  7549 | D:6      | Killed Eustachio
  7931 | D:6      | Reached skill level 11 in Dodging
  8357 | D:6      | Reached ** piety under Kikubaaqudgha
  8460 | D:6      | Reached skill level 12 in Dodging
  8743 | Temple   | Entered the Ecumenical Temple
  8829 | D:6      | Found a snail-covered altar of Cheibriados.
  9179 | D:7      | Found Gelax's Magic Scroll Shoppe.
  9184 | D:7      | Bought a scroll of identify for 26 gold pieces
  9484 | D:7      | Found a shadowy altar of Dithmenos.
  9496 | D:7      | Reached XP level 10. HP: 59/59 MP: 11/21
  9603 | D:7      | Found a hide-covered altar of Uskayaw.
  9610 | D:7      | Got a fine leather armour
 10071 | D:7      | Got an ichor-stained quarterstaff
 10099 | D:8      | Identified the +2 leather armour of Imperfection {Str+3}
                  | (You found it on level 7 of the Dungeon)
 10163 | D:8      | Noticed Psyche
 10479 | D:8      | Noticed a tengu warrior
 10521 | D:7      | Killed by an exploding fulminant prism

Levels and vault maps discovered:
D:1:      mushboom_english_gardens, layout_loops_cross, st_stairs_3
D:2:      layout_basic, regret_index_temple_of_mockery,
          kiku_gazebo_garden_becter, uniq_sigmund, uniq_robin, uniq_natasha
D:3:      layout_basic, first_ration
D:4:      layout_loops_cross, grunt_temple_overflow_lords_of_destruction,
          lemuel_doored_altar, serial_shops, kennysheep_mini, uniq_grinder,
          uniq_pikel, uniq_blork_the_orc
D:5:      layout_basic, uniq_prince_ribbit1
D:6:      minmay_recursive_quarters, layout_cave_pods,
          grunt_temple_overflow_open, minmay_temple_entry_glass,
          kennysheep_flooded_box, uniq_eustachio
D:7:      layout_cave_pods, kennysheep_mini_moat, serial_shops, shop,
          nicolae_dithmenos_shadow_blocks
D:8:      layout_loops_ring, grunt_lair_entry_orc_guard_hut, serial_shops, shop,
          the_bakery, kb_rosetta, uniq_psyche
Temple:   dshaligram_water_room_temple

Skill      XL: |  1  2  3  4  5  6  7  8  9 10 |
---------------+-------------------------------+-----
Dodging        | 3 4 5 7 8 12 | 12.0
Fighting       | 1 2 3 4 5 |  5.0
Conjurations   | 5 6 8 |  8.5
Hexes          | 1 4 6 |  6.0
Spellcasting   | 4 6 |  6.0
Necromancy     | 2 |  2.5
Stealth        | |  2.4

Action                   |  1- 3 |  4- 6 |  7- 9 | 10-12 || total
-------------------------+-------+-------+-------+-------++-------
Melee: Dagger            |       |       |     1 |       ||     1
       Whip              |       |       |     4 |     5 ||     9
 Cast: Magic Dart        |    49 |   112 |   165 |    25 ||   351
       Searing Ray       |     5 |    12 |    37 |     3 ||    57
       Iskenderun's Myst |       |       |     3 |       ||     3
       Fulminant Prism   |       |       |    35 |     8 ||    43
  Use: Scroll            |       |     2 |     6 |     3 ||    11
  Eat: Chunk             |       |     8 |    16 |     4 ||    28
       Ration            |       |       |     2 |       ||     2
Armor: Robe              |     2 |     2 |     7 |       ||    11
       Leather armour    |       |       |       |     5 ||     5
Dodge: Dodged            |     5 |    17 |    83 |     8 ||   113

Table legend:
 A = Non-vault XP
 B = Vault XP
 C = Vault XP percentage of total XP
 D = Non-vault monster count
 E = Vault monster count
 F = Vault count percentage of total count
                 A         B        C        D         E       F
            +---------+---------+-------+---------+---------+-------
      Total |    4473 |    2460 |  35.5 |     177 |      29 |  14.1
            +---------+---------+-------+---------+---------+-------
        D:1 |      58 |       2 |   3.3 |      30 |       1 |   3.2
        D:2 |     171 |     295 |  63.3 |      31 |      14 |  31.1
        D:3 |     105 |       0 |   0.0 |      22 |       0 |   0.0
        D:4 |     255 |    1127 |  81.5 |       9 |       4 |  30.8
        D:5 |    1015 |     268 |  20.9 |      28 |       1 |   3.4
        D:6 |    1316 |     605 |  31.5 |      38 |       7 |  15.6
        D:7 |     396 |       0 |   0.0 |      11 |       0 |   0.0
        D:8 |    1157 |     163 |  12.3 |       8 |       2 |  20.0
            +---------+---------+-------+---------+---------+-------
